 Dungeon Crawl Stone Soup version 0.16-a0-3325-g64f94fb (webtiles) character file.

307 Kemay the Insei (level 6, 0/38 HPs)
             Began as an Octopode Transmuter on Dec 27, 2014.
             Slain by a killer bee zombie (2 damage)
             ... on level 5 of the Dungeon.
             The game lasted 00:07:15 (3495 turns).

Kemay the Insei (Octopode Transmuter)               Turns: 3495, Time: 00:07:15

Health: 0/38       AC:  1    Str: 10    XL:     6   Next: 40%
Magic:  10/10      EV: 14    Int: 17    God:
Gold:   277        SH:  0    Dex: 12    Spells: 2 memorised, 4 levels left

rFire  . . .     SeeInvis .     h - +1 spear (venom)
rCold  . . .     Clarity  .     (no shield)
rNeg   . . .     SustAb   .     (helmet restricted)
rPois  +         Gourm    .     q - amulet of inaccuracy (curse)
rElec  .         Spirit   .     j - ring of poison resistance
rCorr  .         Warding  .     m - ring of loudness (curse)
rMut   .         Stasis   .     (no ring)
MR     .....                    (no ring)
Stlth  +.........               (no ring)
                                (no ring)
                                (no ring)
                                (no ring)

@: not resistant to hostile enchantments, very unstealthy
A: almost no armour, amphibious, 8 rings, constrict 8, camouflage 1, gelatinous
body 1
a: no special abilities


You were on level 5 of the Dungeon.
You were not hungry.

You visited 1 branch of the dungeon, and saw 5 of its levels.

You collected 277 gold pieces.

Inventory:

Hand weapons
 h - a +1 spear of venom (weapon)
Jewellery
 e - an uncursed amulet of warding
 j - a ring of poison resistance (left tentacle)
 m - a cursed ring of loudness (right tentacle)
 q - a cursed amulet of inaccuracy (around mantle)
Magical devices
 p - a wand of paralysis (7)
 s - a wand of magic darts (22)
Scrolls
 b - a scroll of magic mapping
 k - a scroll of amnesia
 n - a scroll of recharging
Potions
 f - 5 potions of heal wounds
 g - 4 potions of curing
 o - a potion of haste
Books
 d - a book of Changes

   Spells                             Type                      Level
   a - Beastly Appendage              Transmutation                1
   b - Sticks to Snakes               Transmutation                2
   c - Spider Form                    Transmutation/Poison         3
   d - Ice Form                       Ice/Transmutation            4
   e - Blade Hands                    Transmutation                5
Comestibles
 a - 4 bread rations
 c - 2 beef jerkies
 i - a fruit
 l - 5 meat rations
 r - a chunk of flesh


   Skills:
 - Level 1.0 Fighting
 + Level 4.9 Dodging
 + Level 5.2 Unarmed Combat
 - Level 2.0 Spellcasting
 - Level 2.0 Transmutations


You had 4 spell levels left.
You knew the following spells:

 Your Spells              Type           Power        Failure   Level  Hunger
a - Beastly Appendage     Trmt           #.....       10%         1    #......
b - Ice Form              Ice/Trmt       #.......     95%         4    #####..


Dungeon Overview and Level Annotations

Branches:
Dungeon (5/15)
 Temple: D:4-7

Altars:
Dithmenos
Gozag
Okawaru

Shops:
D:5 ?


Innate Abilities, Weirdness & Mutations

You cannot wear most types of armour.
You are amphibious.
You can wear up to eight rings at the same time.
You can use your tentacles to constrict many enemies at once.
Your skin changes colour to match your surroundings (Stealth).
Your rubbery body absorbs attacks (AC +1).


Message History

The killer bee zombie hits you.
* * * LOW HITPOINT WARNING * * *
You open the door. The killer bee zombie hits you.
* * * LOW HITPOINT WARNING * * *
The killer bee zombie closely misses you.
Found Phaufusa's Magic Scroll Shoppe.
The killer bee zombie hits you.
* * * LOW HITPOINT WARNING * * *
There is an open door here.
The killer bee zombie misses you.
You are too injured to fight recklessly!
You are too injured to fight recklessly!
You are too injured to fight recklessly!
You are too injured to fight recklessly!
You are too injured to fight recklessly!
You miss the killer bee zombie. Your grab misses the killer bee zombie.
The killer bee zombie hits you.
* * * LOW HITPOINT WARNING * * *
The killer bee zombie hits you.
You die...

##....<..# ##.##
##......# ##...#
####......###....#
#.#.............##
#...########....#
#...## ####### #.##.#
#..... #.# #.#
###.#.#.# . ## #.##
#gZ@.∩..+ ... ##.#
#.#.#.#.# ....
#.###.#..... .....
#....g########.......
#....g###............
#..##...(.g.........>.
#...####.......#######.
###. #......## #.
#.......##


You could see a gnoll and a killer bee zombie.

Vanquished Creatures
  3 worker ants (D:4)
  Jessica (D:2)
  2 gnolls (D:4)
  6 adders
  2 giant mites
  3 worms
  8 giant geckos
  An ooze (D:2)
  8 orcs
  2 giant cockroaches
  11 goblins
  9 hobgoblins
  3 jackals (D:3)
  14 kobolds
  A ball python (D:3)
  9 bats
  9 giant newts
  4 rats
96 creatures vanquished.

Notes
Turn   | Place    | Note
--------------------------------------------------------------
     0 | D:1      | Kemay, the Octopode Transmuter, began the quest for the Orb.
     0 | D:1      | Reached XP level 1. HP: 13/13 MP: 3/3
   224 | D:1      | Reached XP level 2. HP: 13/18 MP: 4/4
   845 | D:1      | Reached XP level 3. HP: 23/23 MP: 6/6
  1049 | D:2      | Noticed Jessica
  1057 | D:2      | Killed Jessica
  1182 | D:2      | Reached skill level 4 in Unarmed Combat
  1182 | D:2      | Reached XP level 4. HP: 24/28 MP: 7/7
  1191 | D:2      | Learned a level 4 spell: Ice Form
  1837 | D:3      | Reached XP level 5. HP: 33/33 MP: 9/9
  1962 | D:3      | Found a shadowy altar of Dithmenos.
  1984 | D:3      | Found an opulent altar of Gozag.
  2924 | D:4      | Reached skill level 5 in Unarmed Combat
  2924 | D:4      | Reached XP level 6. HP: 24/38 MP: 10/10
  3160 | D:4      | Found an iron altar of Okawaru.
  3431 | D:5      | Entered Level 5 of the Dungeon
  3492 | D:5      | Found Phaufusa's Magic Scroll Shoppe.
  3495 | D:5      | Slain by a killer bee zombie

Action                   |  1- 3 |  4- 6 || total
-------------------------+-------+-------++-------
Melee: Spear             |    67 |   155 ||   222
       Unarmed           |     4 |       ||     4
  Use: Scroll            |     3 |     6 ||     9
       Potion            |     3 |       ||     3
 Stab: Sleeping          |     4 |     7 ||    11
       Distracted        |     1 |       ||     1
  Eat: Chunk             |     1 |     7 ||     8
